Map: Deathaura LE

Players

IIIIIIIIIIII - Winner!

  • Race: Zerg Zerg
  • Spawn Location: 11:00

Hydra

  • Race: Terran Terran
  • Spawn Location: 5:00

VOD

Have the link to the VOD?

Description

Time

  • Played on: Sept. 18, 2020, 3:54 p.m.
  • Length: 4:47
Show
View Real Time Build Order
Export as new Build Order

IIIIIIIIIIII Zerg - Winner!

Build Orders: Pool First 

Get SALT Encoding   

  12  0:01  Drone  
  13  0:09  Drone  
  14  0:16  Overlord  
  14  0:35  Drone  
  15  0:36  Drone  
  15  0:42  Spawning Pool  
  15  0:50  Drone x2  
  17  1:12  Hatchery  
  16  1:29  Zergling x6  
  16  1:32  Extractor  
  18  1:34  Queen  
  20  1:45  Drone  
  21  2:14  Drone  
  22  2:15  Overlord  
  22  2:26  Queen  
  22  2:27  Zergling x2  
  24  2:45  Zergling x2  
  25  2:55  Zergling x6  
  25  2:56  Metabolic Boost, Zergling x2  
  29  3:02  Roach Warren  
  28  3:27  Zergling x6  
  28  3:28  Zergling x6  
  28  3:30  Queen  
  33  3:46  Zergling x6  
  33  4:14  Drone x2  
  35  4:40  Spine Crawler  
  35  4:41  Spine Crawler  
Show
View Real Time Build Order
Export as new Build Order

Hydra Terran 

Build Orders:  

Get SALT Encoding   

  12  0:02  SCV  
  13  0:16  SCV  
  14  0:22  Supply Depot  
  14  0:28  SCV  
  15  0:44  SCV  
  16  0:56  SCV  
  17  1:05  Barracks  
  17  1:08  SCV  
  18  1:20  SCV  
  19  1:36  Barracks  
  19  1:48  Command Center  
  19  1:55  Supply Depot  
  19  1:58  Marine  
  20  2:10  Barracks  
  20  2:16  Marine  
  20  2:34  Marine  
  20  2:52  Marine  
  21  3:09  Refinery  
  21  3:24  Marine  
  22  3:27  Marine  
  23  3:42  Marine  
  23  3:45  Marine  
  21  3:49  Barracks  
  21  4:03  Marine  
  21  4:07  Marine  
  22  4:20  Marine  
  22  4:25  Marine  
Tags
 
Matchup
TvZ
Opening
Pool First
Replay Pack
test
Spawn Locations
Cross Positions
Add a new tag
Caveats
  • Supply blocks, unpowered buildings, or Contaminate may cause inaccurate times.
  • Supply counts are checked every 10 seconds.